 Dungeon Crawl Stone Soup version 0.31-a0-1321-g5021b54cb2 (webtiles) character file.

Game seed: 16952672536846683036

70 Pooter the Chopper (level 4, -1/40 HPs)
             Began as a Minotaur Berserker on Dec 21, 2023.
             Was a Follower of Trog.
             Killed from afar by Jessica (8 damage)
             ... with a puff of flame
             ... on level 2 of the Dungeon.
             The game lasted 00:06:09 (1241 turns).

Pooter the Chopper (Minotaur Berserker)             Turns: 1241, Time: 00:06:09

Health: -1/40      AC:  2    Str: 23    XL:     4   Next: 3%
Magic:  3/3        EV: 12    Int:  4    God:    Trog [*.....]
Gold:   68         SH:  0    Dex: 10    Spells: 3/3 levels left

rFire   . . .        a - +0 hand axe
rCold   . . .        (no shield)
rNeg    . . .        b - +0 animal skin
rPois   .            (helmet restricted)
rElec   .            (no cloak)
rCorr   .            (no gloves)
SInv    .            (no boots)
Will    .....        (no amulet)
Stlth   ++           (no ring)
HPRegen 0.26/turn    (no ring)
MPRegen 0.08/turn

%: no passive effects
@: on berserk cooldown, slowed, very slow
A: horns 2, retaliatory headbutt
a: Renounce Religion, Berserk


You were on level 2 of the Dungeon.
You worshipped Trog.
Trog was aware of your devotion.
You visited 1 branch of the dungeon, and saw 2 of its levels.

You collected 68 gold pieces.

Inventory:

Hand Weapons
 a - a +0 hand axe (weapon)
Missiles
 g - a poisoned dart (quivered)
Armour
 b - a +0 animal skin (worn)
Jewellery
 e - a +6 ring of intelligence
   (You found it on level 1 of the Dungeon)
Scrolls
 d - a scroll of immolation {unknown}
 f - a scroll of poison {!r}
Potions
 c - a potion of curing {@q1}


   Skills:
 + Level 4.2 Fighting
 * Level 4.7 Axes
 - Level 2.4 Armour
 - Level 2.1 Dodging
 * Level 2.0 Stealth


You had 3 spell levels left.
You didn't know any spells.
Your spell library was empty.

Dungeon Overview and Level Annotations

Branches:
Dungeon (2/15) Zot: 10707

Altars:

Annotations:
D:2 Jessica, Sigmund


Innate Abilities, Weirdness & Mutations

You have a pair of horns on your head.
You reflexively headbutt those who attack you in melee.


Message History

Jessica casts a spell.
Jessica blinks!
You feel a strong urge to attack something.
You feel your anger nearly subside.
Found a scroll labelled ETHAGI RUSMOZ.
You are no longer berserk.
You are exhausted.
You feel yourself slow down. Jessica casts a spell at you.
Pain shoots through your body!
* * * LOW HITPOINT WARNING * * *
You hit Jessica. Jessica barely misses you. You furiously retaliate!
You headbutt Jessica. You hit Jessica but do no damage.
Jessica zaps a wand.
The puff of flame hits you.
* * * LOW HITPOINT WARNING * * *
Jessica zaps a wand.
The puff of flame misses you.
Unknown command.
You completely miss Jessica. Your punch misses Jessica.
Jessica casts a spell.
Jessica blinks!
You aren't carrying any items that you can evoke.
Throw: 3 darts (poison)
Press: ? - help, Shift-Dir - straight line, f - Jessica
Aim: Jessica, wielding a +0 club, wearing a +0 robe and carrying a wand of flame (severely wounded, 54% to hit)
You throw a poisoned dart. The poisoned dart hits Jessica.
Jessica mumbles some strange words.
Jessica seems to speed up.
Jessica grins evilly.
Jessica zaps a wand.
The puff of flame misses you.
Throw: 2 darts (poison)
Press: ? - help, Shift-Dir - straight line, f/p - Jessica
Aim: Jessica, wielding a +0 club, wearing a +0 robe and carrying a wand of flame (severely wounded, fast, 54% to hit)
You throw a poisoned dart.
The poisoned dart barely misses Jessica.
Jessica very coldly says, "I hate your company."
Jessica zaps a wand.
The puff of flame hits you!
* * * LOW HITPOINT WARNING * * *
Jessica gestures at you while chanting.
You barely resist.
Jessica zaps a wand.
The puff of flame hits you.
* * * LOW HITPOINT WARNING * * *
Jessica zaps a wand.
The puff of flame hits you!
You die...

## .#.... ..# #.#
#.##.##.# #.# #.##.#.#
## ##<# #..?..## #.#
.#.# #†.#.#.###.# .#.#
#..#.##.#.# .#.#
#..#.###.# #
.#.###....###.#####..#..
................@@(..(.#
......<..........###.#.#
.###############.# .#
#.# .# #.# ## #.. ###


You could see Jessica (fast).

Vanquished Creatures
  3 gnolls
  An adder (D:2)
  A dart slug (D:1)
  3 bats
  2 endoplasms
  2 goblins (D:1)
  3 hobgoblins (D:1)
  A kobold (D:1)
  A quokka (D:1)
  4 ball pythons
  2 frilled lizards
  10 rats
33 creatures vanquished.

Notes
Turn   | Place    | Note
-------+----------+-------------------------------------------
     0 | D:1      | Pooter the Minotaur Berserker began the quest for the Orb.
     0 | D:1      | Reached XP level 1. HP: 19/19 MP: 0/0
    23 | D:1      | Reached XP level 2. HP: 27/27 MP: 1/1
    83 | D:1      | Reached skill level 1 in Stealth
   458 | D:1      | Reached XP level 3. HP: 32/33 MP: 2/2
   984 | D:2      | Reached XP level 4. HP: 18/40 MP: 3/3
  1070 | D:2      | Noticed Sigmund
  1221 | D:2      | Noticed Jessica
  1241 | D:2      | Killed from afar by Jessica

Illustrated notes

Levels and vault maps discovered:
D:1:      heliophobic_arrival_henge, layout_loops_cross
D:2:      layout_loops_ring, uniq_sigmund, uniq_jessica

Skill      XL: |  1  2  3  4 |
---------------+-------------+-----
Axes           | 4 |  4.7
Stealth        | 1 2 |  2.0
Fighting       | 4 |  4.2
Armour         | |  2.4
Dodging        | |  2.1

Action                     |  1- 3 |  4- 6 || total
---------------------------+-------+-------++-------
  Melee: Hand axe          |    50 |    20 ||    70
         Headbutt          |     3 |     1 ||     4
  Throw: Dart              |     1 |     2 ||     3
 Invoke: Berserk           |     4 |     1 ||     5
    Use: Scroll            |       |     2 ||     2
   Stab: Sleeping          |     4 |       ||     4
 Armour: Animal skin       |    25 |    11 ||    36
  Dodge: Dodged            |    40 |    14 ||    54

Table legend: (Time is in decaauts)
 A = Elapsed time spent in this place.
 B = Non-inter-level travel time spent in this place.
 C = Inter-level travel time spent in this place.
 D = Time resting spent in this place.
 E = Time spent auto-exploring this place.
 F = Levels seen in this place.
 G = Mean time per level.
                   A        B        C        D        E       F      G
               +--------+--------+--------+--------+--------+-----+--------+
         Total |   1290 |   1243 |     47 |    271 |    656 |   2 |  645.0 |
       Dungeon |   1290 |   1243 |     47 |    271 |    656 |   2 |  645.0 |
               +--------+--------+--------+--------+--------+-----+--------+

Top non-repeatable levels by time:
     D:1: 645 daAuts
     D:2: 644 daAuts
